 Dungeon Crawl Stone Soup version 0.23.2 (webtiles) character file.

Game seed: 14190873677410434588

31421 MartialLaw the Basher (level 13, -8/84 HPs)
             Began as a Gargoyle Fighter on Mar 31, 2019.
             Was the Champion of Cheibriados.
             Mangled by a spriggan berserker
             ... wielding the +9 morningstar of the Four People {elec, -Tele rElec Int-2 Dex+7}
              (12 damage)
             ... on level 3 of the Lair of Beasts.
             The game lasted 00:36:12 (13405 turns).

MartialLaw the Basher (Gargoyle Fighter)           Turns: 13405, Time: 00:36:13

Health: -8/84      AC: 27    Str: 36    XL:     13   Next: 58%
Magic:  13/13      EV: 13    Int: 25    God:    Cheibriados [******]
Gold:   514        SH: 15    Dex: 25    Spells: 12/12 levels left

rFire    + . .     SeeInvis .   C - +1 whip of Bukk {elec, *Slow rF+ rC+}
rCold    + . .     Gourm    .   c - +0 shield
rNeg     + . .     Faith    .   D - +0 plate armour
rPois    ∞         Spirit   .   (no helmet)
rElec    +         Reflect  .   o - +1 cloak
rCorr    .         Harm     .   (no gloves)
MR       +....                  (no boots)
Stlth    ..........             R - amulet "Sueff" {RegenMP *Contam rPois MR+}
HPRegen  0.24/turn              A - +1 ring of evasion
MPRegen  0.38/turn              a - ring of flight

@: very slow
A: talons 1, negative energy resistance 1, electricity resistance, weak 1, wild
magic 1, unbreathing, petrification resistance, no potion heal 1, rot immunity,
AC +9
a: Bend Time, Temporal Distortion, Slouch, Step From Time, Renounce Religion,
Evoke Flight


You were on level 3 of the Lair of Beasts.
You worshipped Cheibriados.
Cheibriados was exalted by your worship.
You were not hungry.

You visited 3 branches of the dungeon, and saw 16 of its levels.
You also visited: Ossuary.

You collected 724 gold pieces.
You spent 210 gold pieces at shops.

Inventory:

Hand Weapons
 C - the +1 whip of Bukk (weapon) {elec, *Slow rF+ rC+}
   (You bought it in a shop on level 6 of the Dungeon)

   Occasionally, upon striking a foe, it will discharge some electrical energy
   and cause terrible harm.
   It protects you from fire.
   It protects you from cold.
   It may slow you when you take damage.
Armour
 c - a +0 shield (worn)
 o - a +1 cloak (worn)
 D - a +0 plate armour (worn)
 I - the cursed +0 scale mail of the Moon {SInv}
   (You found it on level 9 of the Dungeon)

   It lets you see invisible.
   It has a curse placed upon it.
Jewellery
 a - a ring of flight (right hand)
 e - an uncursed ring of poison resistance
 A - a +1 ring of evasion (left hand)
 L - an uncursed ring of fire
 R - the amulet "Sueff" (around neck) {RegenMP *Contam rPois MR+}
   (You found it on level 1 of the Lair of Beasts)

   [amulet of magic regeneration]

   It increases your magic regeneration.
   It protects you from poison.
   It affects your resistance to hostile enchantments.
   It causes magical contamination when unequipped.
 U - an uncursed ring of protection from magic {unknown}
Wands
 h - a wand of iceblast (5)
 u - a wand of polymorph (3)
 y - a wand of flame (36)
 z - a wand of paralysis (12)
 J - a wand of acid (21)
 N - a wand of disintegration (12)
 Q - a wand of clouds (5)
Scrolls
 b - a scroll of fear {unknown}
 l - 9 scrolls of teleportation
 m - 3 scrolls of immolation {unknown}
 q - 4 scrolls of random uselessness {unknown}
 r - 5 scrolls of remove curse
 s - 12 scrolls of identify
 t - 2 scrolls of magic mapping {unknown}
 w - 4 scrolls of amnesia {unknown}
 B - 2 scrolls of enchant weapon {unknown}
 E - a scroll of torment {unknown}
 G - 2 scrolls of fog {unknown}
 H - a scroll of brand weapon {unknown}
 K - 2 scrolls of enchant armour {unknown}
 M - 3 scrolls of vulnerability {unknown}
 T - a scroll of summoning {unknown}
Potions
 d - 5 potions of might
 g - 4 potions of heal wounds {unknown}
 i - 2 potions of degeneration {unknown}
 j - 10 potions of curing
 k - 8 potions of haste
 n - a potion of magic {unknown}
 p - a potion of resistance {unknown}
 v - 2 potions of mutation
 x - 2 potions of agility
 F - 2 potions of lignification {unknown}
 O - 4 potions of flight {unknown}
 P - a potion of berserk rage {unknown}
 V - 2 potions of brilliance {unknown}
Comestibles
 f - 33 rations


   Skills:
 + Level 11.5 Fighting
 * Level 14.0 Maces & Flails
 + Level 11.5 Armour
 + Level 5.4 Dodging
 - Level 9.6 Shields


You had 12 spell levels left.
You didn't know any spells.
Your spell library contained the following spells:

 Spells                   Type           Power        Failure   Level  Hunger
 Beastly Appendage        Tmut           #.....       86%         1    ##.....
 Summon Small Mammal      Summ           #...         86%         1    ##.....
 Call Imp                 Summ           #.......     94%         2    ###....
 Sticks to Snakes         Tmut           #.......     94%         2    ###....
 Call Canine Familiar     Summ           #.......     99%         3    ####...
 Spider Form              Tmut/Pois      #.........   99%         3    ####...
 Summon Guardian Golem    Hex/Summ       #.......     99%         3    ####...
 Ice Form                 Ice/Tmut       #.......     100%        4    #####..
 Summon Ice Beast         Ice/Summ       #.......     100%        4    #####..
 Summon Lightning Spire   Summ/Air       #.......     100%        4    #####..
 Blade Hands              Tmut           #.........   100%        5    ######.


Dungeon Overview and Level Annotations

Branches:
Dungeon (12/15)            Temple (1/1) D:4            Lair (3/6) D:11
  Snake (0/4) Lair:2          Orc (0/2) D:9
  Swamp: Lair:2-4    Shoals: Lair:2-4

Altars:
Ashenzari
Cheibriados
Dithmenos
Elyvilon
Fedhas
Gozag
Hepliaklqana
Kikubaaqudgha
Makhleb
Nemelex Xobeh
Okawaru
Qazlal
Ru
Sif Muna
Trog
Uskayaw
Vehumet
Wu Jian
Xom
Yredelemnul
Zin
The Shining One

Shops:
D:5 :=?   D:6 (   D:7 %   D:8 [*   D:10 :

Annotations:
Lair:3 1 transporter, nuthulu's ghost, journeyman TrBe


Innate Abilities, Weirdness & Mutations

You are resistant to torment.
Your stone body is resilient. (AC +9)
You are immune to poison.
You resist negative energy. (rN+)
You are resistant to electric shocks. (rElec)
You can survive without breathing.
You are immune to petrification.
You are immune to rotting.
You have sharp toenails.
You are weak. (Str -2)
Your spells are a little harder to cast, but a little more powerful.
Potions are less effective at restoring your health.


Message History

Your kick misses the spriggan berserker.
The spriggan berserker is lightly wounded.
The spriggan berserker hits you with the +9 morningstar of the Four People {elec, -Tele rElec Int-2 Dex+7}!
* * * LOW HITPOINT WARNING * * *
You block the death yak's attack.
The moth of wrath goads the spriggan on!
The spriggan goes berserk!
You block the spriggan rider's attack.
The spriggan berserker blocks your attack.
Your kick misses the spriggan berserker.
The spriggan berserker is lightly wounded.
The death yak barely misses you. x2
You whack the spriggan berserker!
Your kick misses the spriggan berserker.
The spriggan berserker is moderately wounded.
The moth of wrath goads the spriggan rider on!
The spriggan rider goes berserk!
The moth of wrath goads the spriggan on!
The spriggan goes berserk!
The death yak misses you.
The spriggan berserker hits you with the +9 morningstar of the Four People {elec, -Tele rElec Int-2 Dex+7}!
You die...

..#####..P... P#......#
............# ###.....#
.P+#..#.....## #.......##
†.....#......###.#......#
.............#.#......<.#
.#..........###........##
.#..........#...©......#
.# ...........#####....##
.######.....###.@Y###...#
...........###i.iYi.##.###
...........#.i###yi..#...#
........##..# #W...##.##
........#..##.......#..#
........#....._$##.©#.##
........#.###.[.§#..#.#
........##.# #.###.##.#
.###.#...#####...###..#


You could see 2 death yaks, 2 spriggan riders, a spriggan berserker, a moth of
wrath, 2 spriggans and nuthulu's ghost.

Vanquished Creatures
  6 hydras
  The ghost of grocchini the Carver, a journeyman MiFi of Okawaru (Lair:2)
  4 two-headed ogres
  The ghost of grocchini the Carver, a novice MiFi of Okawaru (Lair:1)
  Sonja (Lair:1)
  3 unseen horrors
  The ghost of bmj180 the Spear-Bearer, a novice MiFi (D:7)
  A moth of wrath (Lair:3)
  3 elephants (Lair:2)
  A cyclops (D:11)
  A black mamba (Lair:3)
  A gargoyle (D:11)
  6 spiny frogs
  5 komodo dragons
  A queen bee (D:9)
  A troll (D:9)
  4 hippogriffs
  A spriggan (D:8)
  Sigmund (D:3)
  2 wraiths (Ossuary)
  A wyvern (D:11)
  A basilisk (Lair:1)
  20 yaks
  A hungry ghost (D:11)
  4 vampire mosquitoes (D:10)
  3 nagas (Lair:2)
  A water moccasin (Lair:1)
  7 orc warriors
  4 porcupines
  A black bear (D:7)
  4 sky beasts
  3 ice beasts
  2 necrophages
  2 phantoms
  6 ogres
  4 wolves (Lair:2)
  2 centaurs
  7 crocodiles
  Blork the orc (D:6)
  3 big kobolds
  13 bullfrogs
  6 gnoll sergeants
  6 scorpions
  33 killer bees
  6 wights
  A howler monkey (D:10)
  6 crimson imps
  2 bullfrog zombies
  5 hounds
  A gnoll shaman (D:4)
  3 jellies
  3 centaur skeletons
  4 orc priests
  Crazy Yiuf (D:6)
  4 bullfrog skeletons
  3 iguanas
  7 hell rats (Lair:1)
  6 orc wizards
  Natasha (thrice) (D:2)
  15 worker ants
  2 hound zombies
  A hound skeleton (D:9)
  A worker ant zombie (D:7)
  A howler monkey skeleton (D:2)
  15 adders
  10 gnolls
  3 shadow imps
  An ooze (D:3)
  A worm (D:4)
  3 dart slugs
  4 leopard geckos
  28 orcs
  7 giant cockroaches
  10 goblins
  3 hobgoblins
  9 jackals
  5 quokkas
  A ball python (D:4)
  2 ball python skeletons (Ossuary)
  11 bats
  6 frilled lizards
  2 hobgoblin skeletons (Ossuary)
  2 hobgoblin zombies (Ossuary)
  20 kobolds
  A kobold zombie (Ossuary)
  2 orc skeletons (Ossuary)
  An orc zombie (Ossuary)
  A quokka skeleton (D:4)
  2 quokka zombies
  5 rats
410 creatures vanquished.

Vanquished Creatures (others)
  A bush (Lair:2)
  2 fungi (Lair:1)
3 creatures vanquished.

Grand Total: 413 creatures vanquished

Notes
Turn   | Place    | Note
-------+----------+-------------------------------------------
     0 | D:1      | MartialLaw the Gargoyle Fighter began the quest for the
                  | Orb.
     0 | D:1      | Reached XP level 1. HP: 14/14 MP: 1/1
   182 | D:1      | Reached XP level 2. HP: 19/19 MP: 2/2
   519 | D:1      | Reached XP level 3. HP: 20/23 MP: 3/3
  1043 | D:2      | Noticed Natasha
  1056 | D:2      | Killed Natasha
  1056 | D:2      | Reached skill level 1 in Dodging
  1056 | D:2      | Reached XP level 4. HP: 22/28 MP: 4/4
  1152 | D:2      | Noticed Natasha
  1156 | D:2      | Killed Natasha
  1214 | D:2      | Noticed Natasha
  1221 | D:2      | Killed Natasha
  1221 | D:2      | Reached skill level 3 in Maces & Flails
  1221 | D:2      | Reached XP level 5. HP: 33/33 MP: 5/5
  1235 | D:2      | Found a glowing golden altar of the Shining One.
  1235 | D:2      | Found a bloodstained altar of Trog.
  1308 | D:2      | Found a deep blue altar of Sif Muna.
  1593 | D:3      | Noticed Sigmund
  1804 | D:3      | Found a hazy altar of Hepliaklqana.
  2037 | D:3      | Reached XP level 6. HP: 38/38 MP: 6/6
  2220 | D:3      | Killed Sigmund
  2220 | D:3      | Reached skill level 4 in Maces & Flails
  2458 | D:3      | Reached skill level 5 in Shields
  2812 | D:4      | Reached XP level 7. HP: 17/44 MP: 7/7
  2979 | D:4      | Found a staircase to the Ecumenical Temple.
  2985 | Temple   | Entered the Ecumenical Temple
  3121 | D:4      | Reached skill level 5 in Fighting
  3121 | D:4      | Reached skill level 5 in Maces & Flails
  3121 | D:4      | Reached skill level 5 in Armour
  4022 | D:4      | Reached XP level 8. HP: 49/49 MP: 8/8
  4120 | Temple   | Became a worshipper of Cheibriados the Contemplative
  4428 | D:5      | Entered Level 5 of the Dungeon
  4571 | D:5      | Found Unneyps's Magic Scroll Shoppe.
  4610 | D:5      | Found a snail-covered altar of Cheibriados.
  4648 | D:5      | Found a radiant altar of Vehumet.
  4666 | D:5      | Reached skill level 6 in Maces & Flails
  4679 | D:5      | Reached * piety under Cheibriados
  4850 | D:5      | Found Aficsaxe's Jewellery Shoppe.
  4931 | D:5      | Found Hezifo's Book Boutique.
  5166 | D:6      | Found a runed translucent door.
  5167 | D:6      | Noticed Crazy Yiuf
  5220 | D:6      | Found Niotuqio's Antique Weapon Shop.
  5228 | D:6      | Bought a crude whip for 210 gold pieces
  5230 | D:6      | Identified the cursed +1 whip of Bukk {elec, *Slow rF+ rC+}
                  | (You bought it in a shop on level 6 of the Dungeon)
  5386 | D:6      | Noticed Blork the orc
  5391 | D:6      | Killed Blork the orc
  5762 | D:6      | Killed Crazy Yiuf
  5878 | D:7      | Reached ** piety under Cheibriados
  5878 | D:7      | Reached skill level 7 in Maces & Flails
  5884 | D:7      | Reached XP level 9. HP: 29/55 MP: 9/9
  6256 | D:7      | Found an iron altar of Okawaru.
  6296 | D:7      | Found a glowing silver altar of Zin.
  6443 | D:7      | Found a stormy altar of Qazlal.
  6536 | D:7      | Found Feerah's Food Boutique.
  6682 | D:7      | Found a large runed translucent door.
  6684 | D:7      | Found a large runed translucent door.
  6686 | D:7      | Noticed bmj180's ghost (novice MiFi)
  6781 | D:7      | Reached *** piety under Cheibriados
  6781 | D:7      | Reached skill level 8 in Maces & Flails
  6879 | D:7      | Killed bmj180's ghost
  7051 | D:8      | Reached XP level 10. HP: 56/63 MP: 10/10
  7102 | D:8      | Noticed a two-headed ogre
  7114 | D:8      | Killed a two-headed ogre
  7114 | D:8      | Reached skill level 9 in Maces & Flails
  7217 | D:8      | Found a sand-covered staircase.
  7226 | Ossuary  | Entered an ossuary
  7525 | D:8      | Reached **** piety under Cheibriados
  7614 | D:8      | Found a deep blue altar of Sif Muna.
  7652 | D:8      | Found Qiustr Qofecs's Antique Armour Shoppe.
  7921 | D:8      | Found Fefradoe's Island Escapes.
  8046 | D:9      | Got a twisted scale mail
  8047 | D:9      | Identified the cursed +0 scale mail of the Moon {SInv} (You
                  | found it on level 9 of the Dungeon)
  8066 | D:9      | Found an ornate altar of the Wu Jian Council.
  8067 | D:9      | Found a hide-covered altar of Uskayaw.
  8067 | D:9      | Found a basalt altar of Yredelemnul.
  8194 | D:9      | Reached skill level 10 in Maces & Flails
  8269 | D:9      | Found a staircase to the Orcish Mines.
  8338 | D:9      | Reached XP level 11. HP: 14/69 MP: 11/11
  8339 | D:9      | Gained mutation: Potions are less effective at restoring
                  | your health. [potion of mutation]
  8339 | D:9      | Gained mutation: You have sharp toenails. [potion of
                  | mutation]
  8339 | D:9      | Gained mutation: You are weak. (Str -2) [potion of
                  | mutation]
  8339 | D:9      | Gained mutation: Your spells are a little harder to cast,
                  | but a little more powerful. [potion of mutation]
  8970 | D:9      | Reached ***** piety under Cheibriados
  9223 | D:10     | Entered Level 10 of the Dungeon
  9265 | D:10     | Noticed a two-headed ogre
  9272 | D:10     | Killed a two-headed ogre
  9272 | D:10     | Reached skill level 11 in Maces & Flails
  9307 | D:10     | Found Circhak's Book Boutique.
  9392 | D:10     | Killed an unseen horror
  9723 | D:10     | Killed an unseen horror
  9842 | D:11     | Noticed a two-headed ogre
  9848 | D:11     | Killed a two-headed ogre
  9863 | D:11     | Found a staircase to the Lair.
 10113 | D:11     | Noticed a five-headed hydra
 10123 | D:11     | Killed a five-headed hydra
 10123 | D:11     | Reached ****** piety under Cheibriados
 10123 | D:11     | Reached XP level 12. HP: 74/77 MP: 12/12
 10162 | D:11     | Reached skill level 10 in Fighting
 10162 | D:11     | Reached skill level 12 in Maces & Flails
 10162 | D:11     | Reached skill level 10 in Armour
 10665 | D:11     | Noticed a two-headed ogre
 10668 | D:11     | Killed a two-headed ogre
 11022 | Lair:1   | Entered Level 1 of the Lair of Beasts
 11043 | Lair:1   | Noticed a six-headed hydra
 11051 | Lair:1   | Killed a six-headed hydra
 11066 | Lair:1   | Found a gate leading to a gauntlet.
 11203 | Lair:1   | Noticed Sonja
 11215 | Lair:1   | Killed Sonja
 11442 | Lair:1   | Found a large runed translucent door.
 11443 | Lair:1   | Found a large runed translucent door.
 11446 | Lair:1   | Noticed grocchini's ghost (novice MiFi)
 11473 | Lair:1   | Killed grocchini's ghost
 11473 | Lair:1   | Reached skill level 13 in Maces & Flails
 11477 | Lair:1   | Got a flickering graven amulet
 11480 | Lair:1   | Identified the amulet "Sueff" {RegenMP *Contam rPois MR+}
                  | (You found it on level 1 of the Lair of Beasts)
 12052 | Lair:2   | Found a runed translucent gate.
 12052 | Lair:2   | Found a runed translucent gate.
 12052 | Lair:2   | Found a runed translucent gate.
 12054 | Lair:2   | Noticed grocchini's ghost (journeyman MiFi)
 12091 | Lair:2   | Killed grocchini's ghost
 12114 | Lair:2   | Noticed a four-headed hydra
 12124 | Lair:2   | Killed a four-headed hydra
 12124 | Lair:2   | Reached XP level 13. HP: 79/84 MP: 13/13
 12390 | Lair:2   | Reached skill level 5 in Dodging
 12720 | Lair:2   | Found a staircase to the Snake Pit.
 13245 | Lair:3   | Reached skill level 14 in Maces & Flails
 13321 | Lair:3   | Found a transporter.
 13321 | Lair:3   | Identified the +11 trident of Secoq {flame, +Blink Dex+2}
 13322 | Lair:3   | Found a bloodstained altar of Trog.
 13322 | Lair:3   | Noticed nuthulu's ghost (journeyman TrBe)
 13323 | Lair:3   | Identified the +8 trident of Dobb {chaos, rPois Str+5}
 13324 | Lair:3   | Identified the +9 morningstar of the Four People {elec,
                  | -Tele rElec Int-2 Dex+7}
 13333 | Lair:3   | Found a transporter.
 13403 | Lair:3   | HP: 3/84 [spriggan berserker/the +9 morningstar of the Four
                  | People {elec, -Tele rElec Int-2 Dex+7} (8)]
 13405 | Lair:3   | Mangled by a spriggan berserker

Skill      XL: |  1  2  3  4  5  6  7  8  9 10 11 12 13 |
---------------+----------------------------------------+-----
Dodging        | 1 2 4 5 |  5.4
Shields        | 4 5 6 7 8 9 |  9.6
Maces & Flails | 3 4 5 7 8 10 11 13 14 | 14.0
Fighting       | 4 5 6 7 8 9 11 | 11.5
Armour         | 4 5 6 7 8 9 11 | 11.5

Action                   |  1- 3 |  4- 6 |  7- 9 | 10-12 | 13-15 || total
-------------------------+-------+-------+-------+-------+-------++-------
Melee: Flail             |   167 |   206 |    67 |       |       ||   440
       Unarmed           |       |     6 |       |       |       ||     6
       Morningstar       |       |       |   153 |       |       ||   153
       Whip              |       |       |   222 |   810 |   216 ||  1248
       Kick              |       |       |       |   304 |   131 ||   435
 Abil: Evoke Flight      |       |       |       |     1 |       ||     1
  Use: Scroll            |       |       |     3 |     3 |       ||     6
       Potion            |       |       |     1 |     1 |       ||     2
 Stab: Invisible         |       |       |     1 |       |       ||     1
  Eat: Chunk             |     1 |     6 |    11 |     8 |     3 ||    29
       Ration            |       |       |       |     1 |       ||     1
Armor: Scale mail        |   108 |   100 |   224 |       |       ||   432
       Skin              |       |     1 |       |       |       ||     1
       Plate armour      |       |       |     3 |   320 |    90 ||   413
Dodge: Dodged            |    71 |    83 |   156 |   174 |    86 ||   570
Block: Shield            |   103 |   122 |   263 |   438 |   114 ||  1040
